 Dungeon Crawl Stone Soup version 0.23.2-40-g277498a001 (webtiles) character file.

Game seed: 1170485261240739186

68 Leekoo the Poker (level 4, 0/37 HPs)
             Began as a Merfolk Abyssal Knight on Sept 28, 2019.
             Was a Believer of Lugonu.
             Slain by a gnoll
             ... wielding a +0 halberd
              (2 damage)
             ... on level 3 of the Dungeon.
             The game lasted 00:08:10 (1842 turns).

Leekoo the Poker (Merfolk Abyssal Knight)           Turns: 1842, Time: 00:08:11

Health: 0/37       AC:  3    Str: 13    XL:     4   Next: 19%
Magic:  6/6        EV:  7    Int: 11    God:    Lugonu [**....]
Gold:   30         SH:  0    Dex: 13    Spells: 3/3 levels left

rFire    . . .     SeeInvis .   a - +1 spear
rCold    . . .     Gourm    .   (no shield)
rNeg     . . .     Faith    .   b - +0 leather armour
rPois    .         Spirit   .   (no helmet)
rElec    .         Reflect  .   (no cloak)
rCorr    .         Harm     .   (no gloves)
MR       .....                  (no boots)
Stlth    +.........             (no amulet)
HPRegen  0.12/turn              (no ring)
MPRegen  0.10/turn              (no ring)

@: held
A: change form in water, swift swim, stealthy swim
a: Depart the Abyss, Bend Space, Renounce Religion


You were on level 3 of the Dungeon.
You worshipped Lugonu.
Lugonu was pleased with you.
You were not hungry.

You visited 1 branch of the dungeon, and saw 3 of its levels.
You visited the Abyss 1 time.

You collected 30 gold pieces.

Inventory:

Hand Weapons
 a - a +1 spear (weapon)
Armour
 b - a +0 leather armour (worn)
Scrolls
 f - 4 scrolls of identify {unknown}
 g - a scroll of teleportation {unknown}
 i - a scroll of noise {unknown}
 j - 2 scrolls of remove curse {unknown}
 k - 3 scrolls of enchant armour {unknown}
 m - a scroll of magic mapping {unknown}
 n - a scroll of amnesia {unknown}
Potions
 e - a potion of haste {unknown}
 h - 2 potions of flight {unknown}
 l - a potion of mutation {unknown}
Comestibles
 c - 8 rations
 d - 6 chunks of flesh


   Skills:
 + Level 3.8 Fighting
 * Level 4.6 Polearms
 - Level 0.6 Armour
 + Level 3.5 Dodging
 + Level 2.7 Invocations


You had 3 spell levels left.
You didn't know any spells.
Your spell library was empty.

Dungeon Overview and Level Annotations

Branches:
Dungeon (3/15)

Altars:
Makhleb


Message History

You are held in a net!
You cannot attack while held in a net.
The gnoll completely misses you. The gnoll hits you but does no damage.
An adder comes into view.
The gnoll barely misses you.
The gnoll hits you from afar with a +0 halberd! x2
The gnoll barely misses you.
The gnoll hits you from afar with a +0 halberd!
* * * LOW HITPOINT WARNING * * *
The adder bites you.
* * * LOW HITPOINT WARNING * * *
The adder bites you.
* * * LOW HITPOINT WARNING * * *
The gnoll hits you from afar with a +0 halberd!
* * * LOW HITPOINT WARNING * * *
The gnoll barely misses you. The adder barely misses you.
The gnoll barely misses you.
The gnoll hits you from afar with a +0 halberd.
You die...

. ♣.♣ ≈.≈ ..
≈≈≈##g#########
.....gS@.......
#####g..#######
#####


You could see 3 gnolls and an adder.

Vanquished Creatures
  An ooze (D:2)
  2 dart slugs
  2 leopard geckos
  4 giant cockroaches
  13 hobgoblins
  3 jackals (D:1)
  4 kobolds
  A quokka (D:2)
  A ball python (D:1)
  6 bats
  2 frilled lizards
  8 goblins
  3 rats
50 creatures vanquished.

Notes
Turn   | Place    | Note
-------+----------+-------------------------------------------
     0 | Abyss:1  | Leekoo the Merfolk Abyssal Knight began the quest for the
                  | Orb.
     0 | Abyss:1  | Reached XP level 1. HP: 18/18 MP: 2/2
    45 | Abyss:1  | Noticed a small abomination
    51 | Abyss:1  | Noticed a death drake
    69 | Abyss:1  | Noticed a raiju
    70 | D:1      | Escaped the Abyss
   223 | D:1      | Reached * piety under Lugonu
   367 | D:1      | Reached XP level 2. HP: 24/24 MP: 3/3
   716 | D:1      | Reached XP level 3. HP: 25/29 MP: 4/4
   848 | D:1      | Reached skill level 4 in Polearms
  1564 | D:2      | Reached ** piety under Lugonu
  1564 | D:2      | Reached XP level 4. HP: 31/37 MP: 5/5
  1675 | D:3      | Found a burning altar of Makhleb.
  1842 | D:3      | Slain by a gnoll

Skill      XL: |  1  2  3 |
---------------+----------+-----
Dodging        | 3 |  3.5
Polearms       | 4 |  4.6
Fighting       | |  3.8
Armour         | |  0.6
Invocations    | |  2.7

Action                   |  1- 3 |  4- 6 || total
-------------------------+-------+-------++-------
Melee: Spear             |   163 |    28 ||   191
Invok: Depart the Abyss  |     1 |       ||     1
  Eat: Chunk             |     2 |     1 ||     3
Armor: Leather armour    |    39 |     3 ||    42
Dodge: Dodged            |   104 |    21 ||   125
